Ulikiteh, chaotic male human Wizard ---- |..| ---..--- ....%....- ..%)|...-- ..%)|....--- ... ....... ........ ........ ....<.. -.---- . Ulikiteh the Thaumaturge Experience level: 7 Strength: 9 Dexterity: 16 Constitution: 12 Intelligence: 18 Wisdom: 13 Charisma: 11 Health: 0(49) Energy: 51(54) AC: 4 Gold: 871 Moves: 2462 Your Inventory: Coins $ - 871 gold pieces Weapons a - a blessed +1 quarterstaff (weapon in hands) Armor b - an uncursed +0 cloak of magic resistance (being worn) s - an [uncursed] +0 pair of speed boots (being worn) t - an [uncursed] +0 leather armor (being worn) z - an [uncursed] +0 iron skull cap [of fire resistance (orcish helm)] (being worn) H - an [uncursed +0] hooded cloak [dwarvish] Comestibles r - an [uncursed] lembas wafer w - 2 [uncursed] pears A - an [uncursed] food ration D - 2 [uncursed] tins [of spinach] Scrolls i - an uncursed scroll of identify j - an uncursed scroll of genocide k - an uncursed scroll of magic mapping u - an [uncursed] scroll labeled KIRJE [of flood] v - a [cursed] scroll labeled LEP GEX VEN ZEA [of stinking cloud] L - an [uncursed] scroll labeled GHOTI [of enchant armor] Spellbooks l - a blessed spellbook of force bolt m - an uncursed spellbook of create monster q - an [uncursed] long spellbook [of knock] B - an [uncursed] long spellbook [of knock] Potions f - an uncursed potion of paralysis g - an uncursed potion of sickness n - a [cursed] fizzy potion [of gain energy] o - an [uncursed] puce potion [of gain level] C - an [uncursed] brown potion [of gain ability] E - a [blessed] sparkling potion [of sleeping] G - an [uncursed] ruby potion [of confusion] N - an [uncursed] sky blue potion [of extra healing] Rings d - an uncursed +1 ring of protection (on right hand) e - an uncursed +2 ring of gain dexterity (on left hand) x - a [blessed +1] jacinth ring [of gain intelligence] Wands c - an uncursed wand of undead turning (0:5) Tools y - an [uncursed] key [skeleton key] Spells known in the end: Name Level Category Fail Memory a - force bolt 1 attack 0% [||||||||] b - create monster 2 clerical 59% [||||||||] Your skills at the end: Fighting Skills Weapon Skills quarterstaff [Basic / Expert] Spellcasting Skills attack spells [Basic / Expert] enchantment spells [Basic / Skilled] Final Attributes: You were piously aligned. Hunger level was 903. Your alignment was 22 / 22. Monster difficulty range was 0 - 5. Level difficulty was 4. You were immune to fire. You were magic-protected. You were telepathic. You were invisible. You were protected. You were very fast. Your luck was zero. You are dead. Vanquished creatures: a dingo a rock mole a pony a fog cloud 3 gnome lords a kobold mummy a guardian naga hatchling a ghoul a baby crocodile 2 floating eyes 5 dwarves 5 hill orcs a rothe 3 giant bats a monkey 2 iguanas 2 hobbits a giant rat 3 yellow molds 17 gnomes a gnome zombie a gecko a jackal a kobold 2 goblins 3 grid bugs 2 bats 5 lichens a kobold zombie 3 newts 73 creatures vanquished. Voluntary challenges: You were an atheist. You used a wielded weapon 77 times. You read items or engraved 181 times. You put on armor 7 times. You never genocided any monsters. You never polymorphed an object. You never changed form. You used no wishes. You wrote Elbereth's name 56 times. You never encountered a bones level. You never used any Sokoban shortcuts. Dungeon overview: The Dungeons of Doom: levels 1 to 5 Level 1 a long staircase Level 2 an armor shop, a fountain stairs to The Gnomish Mines Level 3 a delicatessen, some fountains Level 4 a scroll shop, many fountains, a sink Level 5 many fountains The Gnomish Mines: levels 3 to 4 Level 3 stairs to The Dungeons of Doom Level 4 <- You were here History has recorded: On T:1 you entered the Dungeons of Doom to retrieve the Amulet of Yendor! On T:316 you advanced to experience level 2. On T:386 you reached level 2 of The Dungeons of Doom. On T:592 you advanced to experience level 3. On T:721 you reached level 3 of The Dungeons of Doom. On T:904 you advanced to experience level 4. On T:1070 you reached level 4 of The Dungeons of Doom. On T:1071 you advanced to experience level 5. On T:1427 you reached level 5 of The Dungeons of Doom. On T:1472 you advanced to experience level 6. On T:2026 you reached level 1 of The Gnomish Mines. On T:2060 you advanced to experience level 7. On T:2398 you reached level 2 of The Gnomish Mines. Latest messages: [HP-6=4] Gee! All of a sudden, you can't see yourself. [HP+1=5] You add "Elbereth" with your fingers to the writing in the dust. You are almost hit by a crossbow bolt. You add "Elbereth" with your fingers to the writing in the dust. (5x) You are almost hit by a crossbow bolt. The gnome picks up a bow. The gnome turns to flee! [HP+1=6] You kill the gnome! You are hit by a crossbow bolt. You stop waiting. [HP-3=3] You kill the dwarf! The gnome hits! [HP-1=2] Something is written here in the dust. You read: "ElbcretnE@bcret$Elbe?5t _ ?ereqhElbe?ethEl?ere?nElbe?e nE|be?etnEl|eretnEl.eN?thElbe?e?hEVbehcthElbrrethE|beuetn?lberetn?|be?etnElbcrethElberethElberW?hElberewREl|e?kt?Elberetn_l?ereth'OberethjlberethEl|eretnLl|cre hElberethEl|eret". There are several objects here. [HP+1=3] You are hit by a crossbow bolt. You die... Final status: Goodbye Ulikiteh the Wizard... You died in The Gnomish Mines on dungeon level 4 with 2516 points, and 871 pieces of gold, after 2462 moves. You were level 7 with a maximum of 49 hit points when you died.